 Dungeon Crawl Stone Soup version 0.17.1-2-g5865329 (webtiles) character file.

160 Ponchio the Covered (level 5, -4/34 HPs)
             Began as a Gargoyle Fighter on Jan 12, 2016.
             Slain by an ogre
             ... wielding a cursed -1 giant club
              (19 damage)
             ... in the Ecumenical Temple.
             The game lasted 00:12:41 (2465 turns).

Ponchio the Covered (Gargoyle Fighter)              Turns: 2465, Time: 00:12:41

Health: -4/34      AC: 13    Str: 20    XL:     5   Next: 41%
Magic:  5/5        EV:  7    Int: 11    God:
Gold:   193        SH:  9    Dex: 10    Spells: 0 memorised, 4 levels left

rFire  . . .     SeeInvis .     a - +0 flail
rCold  . . .     Clarity  .     b - +0 scale mail
rNeg   + . .     SustAt   .     c - +0 shield
rPois  ∞         Gourm    .     w - +1 hat {Int+3}
rElec  +         Spirit   .     (no cloak)
rCorr  .         Warding  .     j - +0 pair of gloves
rMut   .         Stasis   .     (no boots)
MR     .....                    (no amulet)
Stlth  ..........               (no ring)
                                A - ring of flight

@: very slightly contaminated, invisible, not resistant to hostile enchantments,
extremely unstealthy
A: negative energy resistance 1, electricity resistance, unbreathing,
petrification resistance, rot immunity, AC +4
a: Evoke Flight


You were in the Ecumenical Temple.
You were hungry.

You visited 2 branches of the dungeon, and saw 5 of its levels.

You collected 193 gold pieces.

Inventory:

Hand Weapons
 a - a +0 flail (weapon)
Armour
 b - a +0 scale mail (worn)
 c - a +0 shield (worn)
 f - a -1 cloak
 j - a +0 pair of gloves (worn)
 w - a +1 hat of intelligence (worn)
Jewellery
 A - a ring of flight (left hand)
Scrolls
 g - 2 scrolls of identify
 i - a scroll of enchant armour {unknown}
 l - 2 scrolls of teleportation
 y - a scroll of immolation
Potions
 d - a potion of might
 h - 3 potions of degeneration {unknown}
 k - 2 potions of curing
 n - 2 potions of lignification
 o - a potion of cancellation
 v - a potion of flight
Books
 u - a book of Fire

   Spells                             Type                      Level
   a - Ignite Poison                  Fire/Transmutation/Poison    3
   b - Fireball                       Conjuration/Fire             5
   c - Bolt of Fire                   Conjuration/Fire             6
   d - Delayed Fireball               Conjuration/Fire             7
   e - Ring of Flames                 Charms/Fire                  7
Comestibles
 e - 2 bread rations
 q - 2 meat rations
 s - 2 fruits
 x - a slice of pizza
 z - a royal jelly


   Skills:
 + Level 4.3 Fighting
 + Level 3.2 Maces & Flails
 + Level 4.5 Armour
 + Level 4.0 Shields


You had 4 spell levels left.
You didn't know any spells.

Dungeon Overview and Level Annotations

Branches:
Dungeon (4/15)             Temple (1/1) D:4

Altars:
Ashenzari
Nemelex Xobeh


Innate Abilities, Weirdness & Mutations

You are resistant to torment.
Your stone body is resilient (AC +4).
You are immune to poison.
You resist negative energy.
You are resistant to electric shocks.
You can survive without breathing.
You are immune to petrification.
You are immune to rotting.


Message History

Your shield prevents you from hitting the ogre.
The ogre is heavily wounded.
The ogre hits you with a giant club!
You are feeling hungry.
You hit the ogre but do no damage.
The ogre is heavily wounded.
The ogre hits you with a giant club!
* * * LOW HITPOINT WARNING * * *
You are too injured to fight recklessly!
Drink which item? (? for menu, Esc to quit)
You fade into invisibility!
The ogre barely misses you.
You are very lightly contaminated with residual magic.
Drink which item? (? for menu, Esc to quit)
You feel better. You block the ogre's attack.
You closely miss the ogre.
The ogre is heavily wounded.
The ogre hits you with a giant club!!
Ouch! That really hurt!
You die...

♣♣♣♣♣♣ ......
......
...P..♣♣♣♣
.........♣♣♣
....P......♣♣
♣...........♣
.P.PP.O@...♣
P..P......P.P♣
....P......♣♣♣
.......♣♣♣♣♣
...♣♣♣♣ ♣♣


You could see an ogre.

Vanquished Creatures
  Natasha (twice) (D:2)
  A worker ant (D:4)
  An adder (D:4)
  3 oozes
  A worm (D:3)
  2 giant geckos
  3 orcs (D:3)
  4 giant cockroaches
  5 hobgoblins
  8 jackals
  11 kobolds
  A quokka (D:2)
  A ball python (D:2)
  12 bats
  6 giant newts
  9 goblins
  10 rats
80 creatures vanquished.

Notes
Turn   | Place    | Note
--------------------------------------------------------------
     0 | D:1      | Ponchio the Gargoyle Fighter began the quest for the Orb.
     0 | D:1      | Reached XP level 1. HP: 14/14 MP: 1/1
    91 | D:1      | Reached XP level 2. HP: 17/19 MP: 2/2
   432 | D:1      | Reached XP level 3. HP: 20/23 MP: 3/3
   455 | D:1      | Found a shattered altar of Ashenzari.
  1121 | D:2      | Reached XP level 4. HP: 29/29 MP: 4/4
  1128 | D:2      | Noticed Natasha
  1133 | D:2      | Killed Natasha
  1133 | D:2      | Reached skill level 4 in Fighting
  1228 | D:2      | Noticed Natasha
  1238 | D:2      | Killed Natasha
  1755 | D:3      | Reached XP level 5. HP: 33/33 MP: 5/5
  1992 | D:3      | Found a sparkling altar of Nemelex Xobeh.
  2397 | D:4      | Found a staircase to the Ecumenical Temple.
  2424 | D:4      | Noticed an ogre
  2427 | D:4      | HP: 1/34 [ogre/giant club (23)]
  2456 | Temple   | Entered the Ecumenical Temple
  2465 | Temple   | Slain by an ogre

Action                   |  1- 3 |  4- 6 || total
-------------------------+-------+-------++-------
Melee: Flail             |   144 |   110 ||   254
  Use: Scroll            |       |    13 ||    13
       Potion            |       |     4 ||     4
  Eat: Chunk             |     1 |     4 ||     5
